 Dungeon Crawl Stone Soup version 0.29.1-13-g9f3cf754e1 (webtiles) character file.

Game seed: 1879009971821328965

4251 bmack86 the Cleaver (level 10, 0/88 HPs)
             Began as a Minotaur Fighter on Jan 29, 2023.
             Was an Elder of Okawaru.
             Slain by a two-headed ogre
             ... wielding a +0 giant club
              (26 damage)
             ... on level 8 of the Dungeon.
             The game lasted 00:18:31 (8032 turns).

bmack86 the Cleaver (Minotaur Fighter)              Turns: 8032, Time: 00:18:32

Health: 0/88       AC: 12    Str: 25    XL:     10   Next: 10%
Magic:  10/12      EV: 10    Int:  5    God:    Okawaru [****..]
Gold:   442        SH:  8    Dex: 10    Spells: 9/9 levels left

rFire   + . .      SeeInvis .   r - +0 war axe (venom)
rCold   . . .      Faith    .   c - +1 buckler
rNeg    . . .      Spirit   .   f - +0 chain mail
rPois   .          Reflect  .   (helmet restricted)
rElec   .          Harm     .   (no cloak)
rCorr   +          Rampage  .   (no gloves)
Will    .....                   (no boots)
Stlth   ..........              j - amulet of regeneration
HPRegen 1.04/turn               i - ring of protection from fire
MPRegen 0.13/turn               t - ring of resist corrosion

@: heroic
A: horns 2, retaliatory headbutt
a: Renounce Religion, Heroism, Finesse


You were on level 8 of the Dungeon.
You worshipped Okawaru.
Okawaru was greatly pleased with you.
You visited 2 branches of the dungeon, and saw 9 of its levels.

You collected 442 gold pieces.

Inventory:

Hand Weapons
 a - a +1 flail
 r - a +0 war axe of venom (weapon)
Missiles
 b - 11 boomerangs (quivered)
 l - 4 silver javelins
 v - 6 curare-tipped darts
 w - 2 throwing nets
Armour
 c - a +1 buckler (worn)
 f - a +0 chain mail (worn)
Jewellery
 i - a ring of protection from fire (left hand)
 j - an amulet of regeneration (around neck)
 o - a +6 ring of intelligence
 t - a ring of resist corrosion (right hand)
 B - an amulet of the acrobat
Wands
 u - a wand of mindburst (25)
 x - a wand of paralysis (12)
 A - a wand of flame (13)
Scrolls
 e - 4 scrolls of immolation
 h - 5 scrolls of teleportation
 y - 2 scrolls of identify
Potions
 d - a potion of might
 g - 6 potions of heal wounds
 k - a potion of lignification
 m - 3 potions of attraction
 n - a potion of ambrosia {unknown}
 p - 3 potions of curing
 q - 2 potions of mutation
 s - a potion of haste
 z - a potion of invisibility {unknown}


   Skills:
 + Level 7.9(12.9) Fighting
 * Level 9.1(14.3) Axes
 - Level 2.8(11.4) Maces & Flails
 + Level 5.4(10.4) Throwing
 + Level 7.7(12.7) Armour
 + Level 7.8(12.8) Shields
 + Level 4.7 Invocations


You had 9 spell levels left.
You didn't know any spells.
Your spell library contained the following spells:

 Spells                   Type           Power      Damage    Failure   Level
 Apportation              Tloc           0%         N/A       95%         1
 Foxfire                  Conj/Fire      0%         2x1d4     95%         1
 Necrotise                Necr           0%         1d4       95%         1
 Slow                     Hex            0%         N/A       95%         1
 Ensorcelled Hibernation  Hex/Ice        0%         N/A       99%         2
 Confusing Touch          Hex            0%         N/A       100%        3
 Conjure Flame            Conj/Fire      0%         6-21      100%        3
 Inner Flame              Hex/Fire       0%         N/A       100%        3
 Spider Form              Tmut/Pois      0%         N/A       100%        3
 Vampiric Draining        Necr           0%         2d6       100%        3
 Anguish                  Hex/Necr       0%         N/A       100%        4
 Flame Wave               Conj/Fire      0%         2d4       100%        4
 Petrify                  Tmut/Erth      0%         N/A       100%        4
 Metabolic Englaciation   Hex/Ice        0%         N/A       100%        5
 Statue Form              Tmut/Erth      0%         N/A       100%        6
 Summon Small Mammal      Summ           Unusable   N/A       N/A         1

Dungeon Overview and Level Annotations

Branches:
Dungeon (8/15)             Temple (1/1) D:5
   Lair: D:8-11

Altars:
Ashenzari
Cheibriados
Dithmenos
Elyvilon
Gozag
Hepliaklqana
Kikubaaqudgha
Makhleb
Nemelex Xobeh
Okawaru
Qazlal
Ru
Sif Muna
Trog
Uskayaw
Vehumet
Wu Jian
Xom
Yredelemnul
Zin
The Shining One

Shops:
D:5 (

Annotations:
D:4 2 transporters, KittyFluff's ghost, amateur GrBe


Innate Abilities, Weirdness & Mutations

You have a pair of horns on your head.
You reflexively headbutt those who attack you in melee.


Message History

The two-headed ogre hits you with a +0 giant club!!
The two-headed ogre closely misses you. The jelly closely misses you.
You barely miss the two-headed ogre. You headbutt the two-headed ogre!
The two-headed ogre is moderately wounded.
You slash the jelly!
You kill the jelly!
Okawaru accepts your kill.
You closely miss the yak.
The centaur wields a +0 shortbow.
The centaur shoots an arrow.
The arrow hits you!
You completely miss the two-headed ogre.
The two-headed ogre is moderately wounded.
You hit the yak.
The yak is poisoned.
You block the yak's attack.
The centaur shoots an arrow.
The arrow hits you but does no damage. The two-headed ogre misses you.
You furiously retaliate!
You headbutt the two-headed ogre!
The two-headed ogre hits you with a +0 giant club!
* * * LOW HITPOINT WARNING * * *
You hit the two-headed ogre but do no damage.
The two-headed ogre is poisoned.
The two-headed ogre is moderately wounded.
You hit the yak.
The yak looks even sicker.
The centaur shoots an arrow.
The arrow closely misses you. The yak gores you but does no damage.
You hit the two-headed ogre.
The two-headed ogre looks as sick as possible!
The two-headed ogre is moderately wounded.
You barely miss the yak.
The centaur shoots an arrow.
The arrow barely misses you. The yak closely misses you.
You block the two-headed ogre's attack. x2
You completely miss the two-headed ogre.
Your headbutt misses the two-headed ogre.
The two-headed ogre is heavily wounded.
You closely miss the yak.
The centaur shoots an arrow.
The arrow hits you but does no damage. The yak gores you but does no damage.
You slash the two-headed ogre!
The two-headed ogre looks as sick as possible!
The two-headed ogre is severely wounded.
You hit the yak but do no damage.
The yak looks as sick as possible!
The centaur shoots an arrow.
The arrow closely misses you.
The two-headed ogre hits you with a +0 giant club!!
You die...

#.# ##.# .$
##..###.#
##..##...
#..##..# #
#.##..# .##.
#.#..# ....#
#.#Y##.....#
#..@†cz.....
#.#O##.....#
#.#..# ....#
..##..# .##.
#... #..# #
..#. #...
.?. # ##.#
##. ..


You could see a two-headed ogre (extremely poisoned), a yak (extremely
poisoned), a centaur and a wight.

Vanquished Creatures
  Maggie (D:7)
  A hornet (D:7)
  Grinder (D:5)
  A yak (D:8)
  2 steam dragons
  2 water moccasins
  An orc warrior (D:7)
  4 ice beasts
  4 ogres
  2 phantoms
  2 kobold brigands (D:8)
  A gnoll sergeant (D:7)
  3 scorpions (D:6)
  3 bullfrogs
  3 necrophages
  7 hounds
  4 jellies
  2 orc priests
  3 gnoll boudas
  8 iguanas
  5 orc wizards
  23 gnolls
  10 adders
  6 white imps
  2 ufetubi
  3 worms
  3 dart slugs
  15 orcs
  8 ball pythons
  13 endoplasms
  7 giant cockroaches
  3 goblins
  8 hobgoblins
  6 jackals
  13 kobolds
  3 quokkas
  4 bats
  4 frilled lizards
  8 rats
199 creatures vanquished.

Vanquished Creatures (others)
  22 fungi (D:6)
22 creatures vanquished.

Grand Total: 221 creatures vanquished

Notes
Turn   | Place    | Note
-------+----------+-------------------------------------------
     0 | D:1      | bmack86 the Minotaur Fighter began the quest for the Orb.
     0 | D:1      | Reached XP level 1. HP: 19/19 MP: 0/0
   155 | D:1      | Reached XP level 2. HP: 13/27 MP: 1/1
  1026 | D:2      | Reached skill level 1 in Axes
  1026 | D:2      | Reached XP level 3. HP: 33/33 MP: 2/2
  1087 | D:2      | Reached XP level 4. HP: 7/40 MP: 3/3
  1407 | D:2      | Reached skill level 1 in Throwing
  2308 | D:3      | Reached skill level 2 in Axes
  2453 | D:3      | Found a faded altar of an unknown god.
  2835 | D:3      | Reached XP level 5. HP: 47/47 MP: 4/4
  3135 | D:4      | Noticed KittyFluff's ghost (amateur GrBe)
  3136 | D:4      | Found a transporter.
  3136 | D:4      | Noticed an ogre
  3140 | D:4      | Found a transporter.
  3196 | D:4      | Reached skill level 5 in Fighting
  3320 | D:4      | Reached XP level 6. HP: 56/56 MP: 5/5
  4273 | D:5      | Entered Level 5 of the Dungeon
  4391 | D:5      | Reached skill level 3 in Axes
  4391 | D:5      | Reached skill level 5 in Shields
  4453 | D:5      | Reached skill level 5 in Armour
  4466 | D:5      | Found Exutyila's Weapon Shoppe.
  4508 | D:5      | Found a staircase to the Ecumenical Temple.
  4527 | Temple   | Entered the Ecumenical Temple
  4594 | Temple   | Became a worshipper of Warmaster Okawaru
  4811 | D:5      | Reached XP level 7. HP: 56/61 MP: 6/6
  4932 | D:5      | Reached skill level 4 in Axes
  5156 | D:5      | Reached skill level 1 in Invocations
  5273 | D:5      | Noticed Grinder
  5276 | D:5      | Paralysed by Grinder for 4 turns
  5287 | D:5      | Paralysed by Grinder for 3 turns
  5300 | D:5      | Paralysed by Grinder for 3 turns
  5304 | D:5      | Killed Grinder
  5304 | D:5      | Reached * piety under Okawaru
  5305 | D:5      | Reached skill level 5 in Axes
  5691 | D:6      | Reached XP level 8. HP: 68/70 MP: 8/8
  5703 | D:6      | Found a stormy altar of Qazlal.
  5796 | D:6      | Found a sparkling altar of Nemelex Xobeh.
  5796 | D:6      | Found an opulent altar of Gozag.
  5796 | D:6      | Found a bloodstained altar of Trog.
  5808 | D:6      | Reached ** piety under Okawaru
  5964 | D:6      | Found a snail-covered altar of Cheibriados.
  6021 | D:6      | Reached skill level 6 in Axes
  6109 | D:6      | Reached skill level 7 in Axes
  6116 | D:6      | Reached XP level 9. HP: 64/78 MP: 10/10
  6216 | D:6      | Reached *** piety under Okawaru
  7022 | D:7      | Noticed Maggie
  7034 | D:7      | Killed Maggie
  7111 | D:7      | Reached skill level 8 in Axes
  7173 | D:7      | Reached skill level 5 in Throwing
  7209 | D:7      | Reached **** piety under Okawaru
  7209 | D:7      | Received a gift from Okawaru
  7389 | D:7      | Found a burning altar of Makhleb.
  7522 | D:7      | Paralysed by a hornet for 2 turns
  7767 | D:8      | Found a shadowy altar of Dithmenos.
  7883 | D:8      | Reached XP level 10. HP: 88/88 MP: 12/12
  8017 | D:8      | Reached skill level 9 in Axes
  8018 | D:8      | Noticed a two-headed ogre
  8020 | D:8      | Received a gift from Okawaru
  8032 | D:8      | Slain by a two-headed ogre

Illustrated notes

Levels and vault maps discovered:
D:1:      moated_graveyard_arrival, layout_basic
D:2:      layout_basic, corexii_shack, grunt_ministairs_12
D:3:      layout_basic, hellmonk_ecumenical_altar_dog_temple
D:4:      layout_layer_cave, gammafunk_ghost_smash
D:5:      kb_forest_paths, layout_basic, minmay_temple_entry_mini_moons,
          serial_shops, shop_statue, uniq_grinder
D:6:      minmay_octagon_keep, layout_loops_ring, mainiacjoe_overflow_chevrons,
          gammafunk_temple_overflow_claw, cheibrodos_worm_habitat,
          chequers_serial_rivers_large_a
D:7:      layout_basic, amcnicky_altar_gilded, uniq_maggie
D:8:      minmay_the_grid_octo_tiled_squarecenter [minmay_the_grid_octo_horde,
          minmay_the_grid_octo_clover, minmay_the_grid_octo_vomiting_pacman,
          minmay_the_grid_octo_fan_narrow,
          minmay_the_grid_square_5x5_megaprize_hollow,
          minmay_the_grid_square_5x5_inverted_slash,
          minmay_the_grid_square_5x5_two_walls_b,
          minmay_the_grid_square_5x5_meh, minmay_the_grid_square_5x5_hourglass],
          layout_loops_ring, mainiacjoe_overflow_tiny_flanked, lair_entry_dummy,
          gammafunk_ghost_hive, uniq_joseph
Temple:   minmay_temple_curvy_branch

Skill      XL: |  1  2  3  4  5  6  7  8  9 10 |
---------------+-------------------------------+-----
Fighting       | 4 5 6 7 |  7.9
Shields        | 4 5 6 7 |  7.8
Axes           | 1 2 3 5 7 8 9 |  9.1
Armour         | 4 5 6 7 |  7.7
Throwing       | 1 2 3 4 5 |  5.4
Invocations    | 2 3 4 |  4.7
Maces & Flails | |  2.8

Action                   |  1- 3 |  4- 6 |  7- 9 | 10-12 || total
-------------------------+-------+-------+-------+-------++-------
Melee: Flail             |    76 |    96 |       |       ||   172
       Headbutt          |     7 |    24 |    58 |     4 ||    93
       War axe           |       |    45 |   292 |    17 ||   354
Throw: Boomerang         |       |    29 |    16 |       ||    45
Invok: Heroism           |       |       |       |     1 ||     1
  Use: Scroll            |       |    10 |     7 |       ||    17
Armor: Scale mail        |    43 |       |       |       ||    43
       Chain mail        |     8 |   107 |   150 |    10 ||   275
Dodge: Dodged            |    30 |    68 |    99 |    11 ||   208
Block: Buckler           |    21 |    54 |    88 |    10 ||   173
